AoeStats
← BIGGG

Arabia

511011178Analyzed
2v2 RM · 9h ago on Oct 3, 2026· 40m 11s· 4 players
Game mode
Random Map
Map size
Medium (4 player)
Population
200
Speed
Normal
Resources
Standard
Victory
Conquest
Starting age
Dark Age
Ending age
Imperial Age
RankedLock teamsTeams togetherTeam positionsShared explorationLock speedFull tech treeHidden civsTurbo modeCheats
Victory
Defeat
🇨🇳 Teutons · China
1338
+8
🇨🇳 Turks · China
980
+35
🇨🇳 Poles · China
1144
-15
🇨🇳 Khmer · China
1143
-15
yuyuyu
7:40 Loom
9:55 Feudal Age
14:55 Scale Barding Armor
24:12 Castle Age
24:18 Double-Bit Axe
24:26 Horse Collar
24:23 Pikeman
25:09 Scale Mail Armor
25:22 Forging
26:31 Chain Mail Armor
28:58 Iron Casting
29:29 Arson
34:34 Husbandry
34:45 Bloodlines
39:12 Gold Mining
yanyang
5:02 Loom
9:18 Feudal Age
21:22 Castle Age
20:02 Scale Barding Armor
20:07 Double-Bit Axe
20:04 Horse Collar
22:32 Bow Saw
23:21 Forging
24:12 Husbandry
27:28 Scale Mail Armor
28:16 Chain Barding Armor
27:22 Elite Skirmisher
29:38 Wheelbarrow
31:27 Gold Mining
33:20 Hand Cart
33:16 Scale Mail Armor
33:47 Pikeman
34:46 Elite Skirmisher
38:20 Heavy Plow
高血压选手
6:03 Loom
8:56 Feudal Age
9:29 Double-Bit Axe
10:39 Horse Collar
19:39 Castle Age
18:29 Forging
18:51 Scale Barding Armor
19:13 Gold Mining
19:36 Bloodlines
21:35 Heavy Plow
24:27 Bow Saw
25:48 Fervor
27:02 Wheelbarrow
28:07 Stone Mining
29:49 Iron Casting
30:50 Chain Barding Armor
32:07 Hand Cart
31:56 Town Watch
36:05 Imperial Age
34:28 Scale Mail Armor
34:30 Squires
34:26 Pikeman
36:32 Chain Mail Armor
36:54 Stone Shaft Mining
36:08 Cavalier
37:50 Blast Furnace
37:26 Plate Barding Armor
37:21 Masonry
37:51 Conscription
37:24 Elite Teutonic Knight
39:25 Plate Mail Armor
38:47 Capped Ram
39:48 Ironclad
40:58 Two-Man Saw
40:16 Guilds
40:25 Siege Engineers
BIGGG
6:36 Loom
9:50 Feudal Age
10:59 Double-Bit Axe
11:47 Scale Barding Armor
17:41 Bloodlines
23:15 Castle Age
22:24 Fletching
23:19 Padded Archer Armor
23:24 Crossbowman
25:47 Thumb Ring
31:23 Husbandry
35:33 Bow Saw
39:19 Bodkin Arrow
39:45 Chain Barding Armor
40:32 Leather Archer Armor
Connection lost

Rejoining the realm…

Still unreachable

The connection could not be restored.

Session expired

The server has moved on; the page needs a fresh start.